 Dungeon Crawl Stone Soup version 0.28-a0-589-g333b8329f1 (webtiles) character file.

Game seed: 15025552561821635547

58 lawman0 the Sneak (level 4, -3/35 HPs)
             Began as a Djinni Delver on Oct 4, 2021.
             Slain by a hobgoblin (4 damage)
             ... led by Robin
             ... on level 4 of the Dungeon.
             The game lasted 00:01:56 (1022 turns).

lawman0 the Sneak (Djinni Delver)                   Turns: 1022, Time: 00:01:57

Health: -3/35      AC:  3    Str: 11    XL:     4   Next: 20%
Gold:   49         EV: 12    Int: 12    God:
                   SH:  0    Dex: 15

rFire   + + .      SeeInvis .   a - +0 falchion
rCold   x . .      Faith    .   (no shield)
rNeg    . . .      Spirit   .   b - +0 leather armour
rPois   ∞          Reflect  .   (no helmet)
rElec   .          Harm     .   (no cloak)
rCorr   .          Rampage  .   (no gloves)
Will    .....                   (boots unavailable)
Stlth   +++.......              (no amulet)
HPRegen 0.11/turn               (no ring)
MPRegen 0.00/turn               (no ring)

@: flying, hasted (expiring), very quick
A: sickness immunity, fire resistance 2, cold vulnerability 1, float, innate
caster, hp casting, extra vitality 1
a: no special abilities


You were on level 4 of the Dungeon.
You visited 1 branch of the dungeon, and saw 3 of its levels.

You collected 49 gold pieces.

Inventory:

Hand Weapons
 a - a +0 falchion (weapon)
Armour
 b - a +0 leather armour (worn)
Wands
 g - a wand of digging (3)
 i - a wand of mindburst (7)
Scrolls
 c - a scroll of fog
 e - a scroll of fear
 h - a scroll of identify {unknown}
Potions
 d - a potion of brilliance {unknown}


   Skills:
 + Level 3.3 Fighting
 + Level 2.1 Long Blades
 + Level 0.1 Armour
 + Level 2.3 Dodging
 + Level 5.0 Stealth


You had 2 spell levels left.
You knew the following spells:

 Your Spells              Type           Power      Damage    Failure   Level
a - Freeze                Ice            0%         1d3       41%         1
Your spell library was empty.

Dungeon Overview and Level Annotations

Branches:
Dungeon (5/15)             Temple (0/1) D:4

Altars:
Trog

Shops:
D:4 [

Annotations:
D:4 Robin


Innate Abilities, Weirdness & Mutations

You are immune to sickness and miasma.
You are immune to poison.
Your flesh is very heat resistant. (rF++)
You are vulnerable to cold. (rC-)
You float through the air rather than walking.
You learn spells naturally, not from books.
Your magical power is your life essence.
You have superior vitality. (+4 HP)


Message History

The goblin closely misses you. The hobgoblin barely misses you.
You barely miss the goblin.
The goblin is severely wounded.
The goblin closely misses you.
You barely miss the goblin.
The goblin is severely wounded.
The hobgoblin hits you but does no damage.
The goblin hits you but does no damage.
You barely miss the goblin.
The goblin is severely wounded.
The hobgoblin hits you.
* * * LOW HITPOINT WARNING * * *
A giant cockroach comes into view.
Unknown command.
You hit the goblin.
You kill the goblin!
Robin throws the goblin at you! The hobgoblin closely misses you.
The goblin hits you with a +0 club.
* * * LOW HITPOINT WARNING * * *
Robin says, "My goblins will feast on your bones."
Items here: )) ††.
Unknown command.
You hit the goblin.
The goblin is moderately wounded.
The goblin no longer looks unusually strong.
The hobgoblin hits you.
* * * LOW HITPOINT WARNING * * *
The goblin closely misses you.
You closely miss the goblin.
The goblin is moderately wounded.
Your extra speed is starting to run out.
The hobgoblin no longer looks unusually strong. x2
The goblin misses you.
Unknown command.
You hit the goblin.
You kill the goblin!
The hobgoblin hits you.
* * * LOW HITPOINT WARNING * * *
The hobgoblin hits you.
You die...

.............##### ....
...#####...>.....+.....
... #.....#### ...# ...
#.....#####...# ..
#.............# ..
#.....B.......#
###.....)....#
.###.....))...#
.........g@...#
........##g##.#
.....#+##.gg# # .####
#.⌠.# #...# ##.## ...
... .>.


You could see Robin, a giant cockroach and 3 hobgoblins.

Vanquished Creatures
  A jelly (D:3)
  A hound skeleton (D:5)
  An orc (D:4)
  7 goblins
  4 hobgoblins
14 creatures vanquished.

Notes
Turn   | Place    | Note
-------+----------+-------------------------------------------
     0 | D:5      | lawman0 the Djinni Delver began the quest for the Orb.
     0 | D:5      | Reached XP level 1. HP: 20/20 MP: 0/0
    49 | D:5      | Reached XP level 2. HP: 22/25 MP: 0/0
    59 | D:5      | Found a bloodstained altar of Trog.
   129 | D:3      | Reached XP level 3. HP: 13/30 MP: 0/0
   129 | D:3      | Learned a level 1 spell: Freeze
   448 | D:4      | Found Fude's Armour Emporium.
   454 | D:4      | Noticed a scorpion
   985 | D:4      | Found a staircase to the Ecumenical Temple.
   994 | D:4      | Reached XP level 4. HP: 35/35 MP: 0/0
   994 | D:4      | Noticed Robin
  1007 | D:4      | Reached skill level 5 in Stealth
  1022 | D:4      | HP: 1/35 [hobgoblin[Robin] (3)]
  1022 | D:4      | Slain by a hobgoblin

Illustrated notes

Levels and vault maps discovered:
D:3:      layout_loops_ring, roderic_batcave
D:4:      layout_basic, minmay_temple_entry_antechambers, serial_shops, shop,
          hex_medium, uniq_natasha, uniq_robin
D:5:      corexii_shantytown, layout_gridville, overflow_temple_1_default,
          mainiacjoe_overflow_alcove_4

Skill      XL: |  1  2  3  4 |
---------------+-------------+-----
Long Blades    | 2 |  2.1
Stealth        | 5 |  5.0
Fighting       | |  3.3
Armour         | |  0.1
Dodging        | |  2.3

Action                   |  1- 3 |  4- 6 || total
-------------------------+-------+-------++-------
Melee: Falchion          |    23 |    27 ||    50
  Use: Scroll            |     1 |       ||     1
       Potion            |     1 |       ||     1
Armor: Leather armour    |     3 |     7 ||    10
Dodge: Dodged            |    17 |    16 ||    33

Table legend: (Time is in decaauts)
 A = Elapsed time spent in this place.
 B = Non-inter-level travel time spent in this place.
 C = Inter-level travel time spent in this place.
 D = Time resting spent in this place.
 E = Time spent auto-exploring this place.
 F = Levels seen in this place.
 G = Mean time per level.
                   A        B        C        D        E       F      G
               +--------+--------+--------+--------+--------+-----+--------+
         Total |   1020 |    999 |     21 |    169 |    584 |   3 |  340.0 |
       Dungeon |   1020 |    999 |     21 |    169 |    584 |   3 |  340.0 |
               +--------+--------+--------+--------+--------+-----+--------+

Top non-repeatable levels by time:
     D:3: 831 daAuts
     D:5: 112 daAuts
     D:4: 77 daAuts
